 Dungeon Crawl Stone Soup version 0.18.1-50-g88ac8fd (webtiles) character file.

4004 GFox the Fighter (level 10, -1/68 HPs)
             Began as a Gargoyle Monk on Sept 20, 2016.
             Was an Elder of Okawaru.
             Slain by a skeletal warrior
             ... wielding a +0 mace
              (11 damage)
             ... on level 9 of the Dungeon.
             The game lasted 01:05:23 (8403 turns).

GFox the Fighter (Gargoyle Monk)                    Turns: 8403, Time: 01:05:23

Health: -1/68      AC: 27    Str: 23    XL:     10   Next: 23%
Magic:  10/10      EV:  5    Int: 11    God:    Okawaru [****..]
Gold:   328        SH:  8    Dex: 15    Spells: 0 memorised, 9 levels left

rFire  . . .     SeeInvis +     D - +7 captain's cutlass {speed, disarm}
rCold  . . .     Gourm    +     k - +1 plate armour
rNeg   + . .     Faith    .     s - +0 shield {AC+3}
rPois  ∞         Spirit   .     (no helmet)
rElec  +         Dismiss  .     (no cloak)
rCorr  .         Reflect  .     e - +1 pair of gloves {Dex+3}
SustAt .         Harm     .     (no boots)
MR     .....                    E - amulet of the gourmand
Stlth  ..........               (no ring)
                                o - ring of see invisible

@: mighty, not resistant to hostile enchantments, extremely unstealthy
A: negative energy resistance 1, electricity resistance, unbreathing,
petrification resistance, rot immunity, AC +7
a: Heroism, Renounce Religion


You were on level 9 of the Dungeon.
You worshipped Okawaru.
Okawaru was greatly pleased with you.
You were full.

You visited 1 branch of the dungeon, and saw 9 of its levels.

You collected 493 gold pieces.
You spent 165 gold pieces at shops.

Inventory:

Hand Weapons
 D - the +7 captain's cutlass (weapon) {speed, disarm}
   (You found it on level 6 of the Dungeon)

   Attacks with this weapon are significantly faster.
Armour
 e - a +1 pair of gloves of dexterity (worn)
 k - a +1 plate armour (worn)
 s - a +0 shield of protection (worn)
Jewellery
 o - a ring of see invisible (left hand)
 E - an amulet of the gourmand (around neck)
Wands
 i - a wand of flame (21/48)
 y - a wand of paralysis (20/24)
 A - a wand of flame (26/48)
 F - a wand of teleportation (4/9)
 G - a wand of lightning (6/15)
 H - a wand of random effects (19/48)
Scrolls
 a - 3 scrolls of remove curse
 c - 6 scrolls of teleportation
 n - 2 scrolls of enchant weapon
 q - a scroll of amnesia
 v - 3 scrolls of magic mapping
 C - 2 scrolls of recharging
Potions
 d - 2 potions of invisibility
 j - a potion of ambrosia {unknown}
 m - a potion of beneficial mutation {unknown}
 p - a potion of might
 r - a potion of brilliance {unknown}
 u - 2 potions of flight
 w - 3 potions of magic
 z - 2 potions of curing {unknown}
Comestibles
 b - 7 bread rations
 f - 5 meat rations
 g - 3 fruits
 h - 4 chunks of flesh
 B - 5 beef jerkies


   Skills:
 * Level 9.8 Fighting
 * Level 5.5 Short Blades
   Level 2.6 Polearms
 * Level 8.8 Armour
 - Level 2.9 Dodging
 - Level 2.2 Stealth
 - Level 5.9 Unarmed Combat


You had 9 spell levels left.
You didn't know any spells.

Dungeon Overview and Level Annotations

Branches:
Dungeon (9/15)             Temple (0/1) D:5             Orc (0/2) D:9
   Lair: D:8-11

Altars:
Ashenzari
Dithmenos
Nemelex Xobeh
Okawaru
Zin

Shops:
D:9 [


Innate Abilities, Weirdness & Mutations

You are resistant to torment.
Your stone body is resilient (AC +7).
You are immune to poison.
You resist negative energy.
You are resistant to electric shocks.
You can survive without breathing.
You are immune to petrification.
You are immune to rotting.


Message History

The skeletal warrior is lightly damaged.
The skeletal warrior hits you with a mace!
You hit the skeletal warrior but do no damage.
The skeletal warrior is lightly damaged.
The skeletal warrior hits you but does no damage.
You hit the skeletal warrior but do no damage.
The skeletal warrior is lightly damaged.
You hit the skeletal warrior.
The skeletal warrior is lightly damaged.
The skeletal warrior hits you but does no damage.
You hit the skeletal warrior but do no damage.
The skeletal warrior is lightly damaged.
The skeletal warrior hits you with a mace!
* * * LOW HITPOINT WARNING * * *
Drink which item? (? for menu, Esc to quit)
You feel very mighty all of a sudden.
You puncture the skeletal warrior!
The skeletal warrior is moderately damaged.
The skeletal warrior hits you with a mace!
You die...

#.>...................'...
######.#.###.###.####.#...
#######............#.##...####
..................##.##..:####
######.##.#......#...+...##..
#.##.#...<..#..##...##.#
#.##.#......#..##...##.#
#.##n#z.....#..##...##.#
#..Wzz.@................
###Z##########.####....#
#..n.n..# #....'.....
#z(.nZ..# ######.....
######..# #...## #Z #.z# #...#
#z#.Z#z# #####


#zZZZ# ##.Z## You could see 2 skeletal warriors, a necrophage, a shadow
(invisible), a wight and an adder zombie (wandering).

Vanquished Creatures
  A troll (D:9)
  Prince Ribbit (D:8)
  2 flying skulls (D:9)
  A hungry ghost (D:7)
  Menkaure (D:5)
  3 orc warriors
  A black bear (D:6)
  3 necrophages (D:9)
  7 ogres
  3 centaurs
  2 big kobolds (D:9)
  2 giant frogs
  2 gnoll sergeants (D:9)
  A water moccasin skeleton (D:5)
  3 scorpions
  A howler monkey (D:9)
  A crimson imp (D:8)
  A centaur zombie (D:6)
  A jelly (D:5)
  2 orc priests (D:3)
  A hound (D:6)
  3 centaur skeletons
  3 iguanas
  5 orc wizards
  7 worker ants
  9 gnolls
  8 adders
  2 oozes
  3 adder skeletons
  A worm (D:2)
  5 dart slugs
  8 giant geckos
  29 orcs
  6 ball pythons
  10 bats
  4 giant cockroaches
  11 hobgoblins
  7 jackals
  5 quokkas
  6 giant newts
  8 goblins
  11 kobolds
  A quokka zombie (D:8)
  10 rats
202 creatures vanquished.

Vanquished Creatures (others)
  A quokka skeleton (D:7)
1 creature vanquished.

Grand Total: 203 creatures vanquished

Notes
Turn   | Place    | Note
--------------------------------------------------------------
     0 | D:1      | GFox the Gargoyle Monk began the quest for the Orb.
     0 | D:1      | Reached XP level 1. HP: 14/14 MP: 1/1
   199 | D:1      | Reached XP level 2. HP: 19/19 MP: 2/2
   566 | D:1      | Reached XP level 3. HP: 23/23 MP: 3/3
   684 | D:1      | Found a sparkling altar of Nemelex Xobeh.
  1299 | D:2      | Reached XP level 4. HP: 29/29 MP: 4/4
  1302 | D:2      | Reached skill level 4 in Fighting
  1603 | D:2      | Reached skill level 1 in Armour
  2020 | D:3      | Reached skill level 5 in Unarmed Combat
  2020 | D:3      | Reached XP level 5. HP: 32/34 MP: 5/5
  2027 | D:3      | Found a shadowy altar of Dithmenos.
  2091 | D:3      | Reached XP level 6. HP: 5/39 MP: 6/6
  2982 | D:4      | Reached skill level 5 in Fighting
  3494 | D:4      | Reached XP level 7. HP: 19/44 MP: 7/7
  3859 | D:4      | Found an iron altar of Okawaru.
  3867 | D:4      | Became a worshipper of Warmaster Okawaru
  3867 | D:4      | Reached * piety under Okawaru
  3867 | D:4      | Reached ** piety under Okawaru
  4413 | D:5      | Entered Level 5 of the Dungeon
  4470 | D:5      | Noticed Menkaure
  4475 | D:5      | Killed Menkaure
  4475 | D:5      | Reached skill level 1 in Polearms
  4912 | D:5      | Reached skill level 6 in Fighting
  5017 | D:5      | Found a staircase to the Ecumenical Temple.
  5033 | D:5      | Reached XP level 8. HP: 46/51 MP: 8/8
  5115 | D:5      | Found a glowing silver altar of Zin.
  5205 | D:5      | Reached skill level 5 in Armour
  5837 | D:6      | Found a shattered altar of Ashenzari.
  5914 | D:6      | Reached skill level 7 in Fighting
  5957 | D:6      | Reached skill level 1 in Short Blades
  6385 | D:7      | Reached *** piety under Okawaru
  6668 | D:7      | Reached XP level 9. HP: 59/59 MP: 9/9
  6838 | D:7      | Reached skill level 8 in Fighting
  7184 | D:8      | Noticed Prince Ribbit
  7340 | D:8      | Killed Prince Ribbit
  7974 | D:9      | Found a staircase to the Orcish Mines.
  7974 | D:9      | Noticed a troll
  8001 | D:9      | Killed a troll
  8001 | D:9      | Reached skill level 9 in Fighting
  8019 | D:9      | Reached **** piety under Okawaru
  8045 | D:9      | Reached XP level 10. HP: 50/66 MP: 7/10
  8050 | D:9      | Reached skill level 5 in Short Blades
  8158 | D:9      | Found Felemo's Armour Emporium.
  8161 | D:9      | Bought a +1 pair of gloves of dexterity for 165 gold pieces
  8347 | D:9      | Noticed a skeletal warrior
  8349 | D:9      | Noticed a skeletal warrior
  8403 | D:9      | Slain by a skeletal warrior

Skill      XL: |  1  2  3  4  5  6  7  8  9 10 |
---------------+-------------------------------+-----
Fighting       | 4 5 6 7 9 |  9.8
Armour         | 2 3 4 6 8 |  8.8
Unarmed Combat | 5 |  5.9
Polearms       | 2 |  2.6
Short Blades   | 2 4 5 |  5.5
Dodging        | |  2.9
Stealth        | |  2.2

Action                   |  1- 3 |  4- 6 |  7- 9 | 10-12 || total
-------------------------+-------+-------+-------+-------++-------
Melee: Unarmed           |   115 |   112 |       |       ||   227
       Punch             |     1 |     1 |     4 |       ||     6
       Trident           |       |   196 |   151 |       ||   347
       Cutlass           |       |       |   231 |    59 ||   290
Invok: Heroism           |       |       |     3 |       ||     3
  Use: Scroll            |     3 |       |    12 |       ||    15
       Potion            |       |     4 |     3 |     1 ||     8
 Stab: Sleeping          |     3 |       |       |       ||     3
       Invisible         |       |     3 |       |       ||     3
  Eat: Chunk             |     1 |     6 |    11 |    33 ||    51
       Beef jerky        |       |     1 |     3 |       ||     4
       Fruit             |       |       |     1 |       ||     1
       Pizza             |       |       |     1 |       ||     1
Armor: Robe              |    47 |       |       |       ||    47
       Plate armour      |     4 |   285 |   301 |    31 ||   621
Dodge: Dodged            |    79 |   109 |   111 |     9 ||   308
Block: Shield            |       |       |    63 |    19 ||    82
